 Dungeon Crawl Stone Soup version 0.28-a0-957-g42eb19b844 (webtiles) character file.

Game seed: 6537006330254493787

39547 hellse the Grappler (level 13, -4/124 (133) HPs)
             Began as a Troll Delver on Nov 30, 2021.
             Was the Champion of Okawaru.
             Slain by a ten-headed hydra (11 damage)
             ... on level 2 of the Lair of Beasts.
             The game lasted 00:38:39 (17844 turns).

hellse the Grappler (Troll Delver)                 Turns: 17844, Time: 00:38:40

HP:   -4/124 (133)  AC: 10    Str: 25    XL:     13   Next: 69%
MP:   15/15         EV: 10    Int:  6    God:    Okawaru [******]
Gold: 1083          SH:  9    Dex: 15    Spells: 12/12 levels left

rFire   + . .      SeeInvis +     - Unarmed
rCold   . . .      Faith    +   Q - +0 kite shield {rF+}
rNeg    . . .      Spirit   .   U - +0 troll leather armour
rPois   .          Reflect  .   L - +2 hat
rElec   .          Harm     .   M - +0 cloak
rCorr   .          Rampage  .   (gloves unavailable)
Will    +++..                   (boots unavailable)
Stlth   ++........              j - amulet of Judwust {Faith Will++ Str+2}
HPRegen 1.90/turn               C - ring of see invisible
MPRegen 0.14/turn               B - ring of willpower

@: drained
A: large, unfitting armour, claws 3, regeneration 1, shaggy fur 1, tough skin 1
a: Renounce Religion, Heroism, Finesse, Duel


You were on level 2 of the Lair of Beasts.
You worshipped Okawaru.
Okawaru was exalted by your worship.
You visited 3 branches of the dungeon, and saw 19 of its levels.
You also visited: Volcano.

You collected 1227 gold pieces.
You spent 144 gold pieces at shops.

Inventory:

Hand Weapons
 W - a +0 giant spiked club
Missiles
 q - 309 stones (quivered)
 y - 4 javelins
Armour
 J - the +1 robe "Kagrual" {rCorr Str+3}
   (Okawaru gifted it to you on level 2 of the Lair of Beasts)

   Str:       It affects your strength (+3).
   rCorr:     It protects you from acid and corrosion.
 K - a +1 robe of fire resistance
 L - a +2 hat (worn)
 M - a +0 cloak (worn)
 Q - a +0 kite shield of fire resistance (worn)
 U - a +0 troll leather armour (worn)
 V - a scarf of invisibility
Jewellery
 j - the amulet of Judwust (around neck) {Faith Will++ Str+2}
   (You acquired it on level 1 of the Dungeon)

   [amulet of faith]

   It allows you to gain divine favour quickly.
   Str:       It affects your strength (+2).
   Will:      It greatly increases your willpower.
 w - a ring of resist corrosion
 B - a ring of willpower (right claw)
 C - a ring of see invisible (left claw)
 F - an amulet of magic regeneration
Wands
 f - a wand of digging (1)
 h - a wand of paralysis (17)
 r - a wand of flame (11)
 t - a wand of iceblast (49)
 I - a wand of acid (4)
 P - a wand of polymorph (10)
Scrolls
 a - a scroll of vulnerability
 b - 6 scrolls of fog
 d - a scroll of fear
 g - a scroll of silence {unknown}
 k - 3 scrolls of enchant weapon
 l - 3 scrolls of immolation {unknown}
 o - 7 scrolls of teleportation
 p - 4 scrolls of enchant armour
 s - a scroll of torment {unknown}
 x - a scroll of brand weapon
 A - a scroll of holy word
 N - 2 scrolls of blinking {unknown}
 O - a scroll of magic mapping
 R - a scroll of amnesia {unknown}
 S - a scroll of summoning {unknown}
 T - 5 scrolls of identify
Potions
 c - 4 potions of attraction
 e - 5 potions of haste
 i - 8 potions of curing {unknown}
 m - 5 potions of heal wounds
 n - a potion of flight
 u - 2 potions of brilliance
 v - a potion of degeneration
 z - 3 potions of cancellation
 D - 3 potions of magic {unknown}
 E - 2 potions of lignification
 G - 2 potions of berserk rage
 H - 5 potions of might {unknown}


   Skills:
 - Level 10.0 Fighting
 - Level 8.6 Throwing
 - Level 5.2 Armour
 - Level 3.6 Dodging
 - Level 2.7 Stealth
 + Level 6.0 Shields
 - Level 14.5 Unarmed Combat
 - Level 5.2 Invocations
 - Level 2.5 Evocations


You had 12 spell levels left.
You didn't know any spells.
Your spell library contained the following spells:

 Spells                   Type           Power      Damage    Failure   Level
 Foxfire                  Conj/Fire      0%         2x1d4     71%         1
 Sting                    Tmut/Pois      0%         1d3       71%         1
 Ensorcelled Hibernation  Hex/Ice        0%         N/A       85%         2
 Poisonous Vapours        Pois/Air       0%         N/A       85%         2
 Scorch                   Fire           0%         2d5       85%         2
 Static Discharge         Conj/Air       0%         N/A       85%         2
 Conjure Flame            Conj/Fire      0%         6-21      97%         3
 Frozen Ramparts          Ice            0%         1d2       97%         3
 Inner Flame              Hex/Fire       0%         N/A       97%         3
 Portal Projectile        Hex/Tloc       0%         N/A       97%         3
 Vampiric Draining        Necr           0%         2d6       97%         3
 Cause Fear               Hex            0%         N/A       100%        4
 Flame Wave               Conj/Fire      0%         2d4       100%        4
 Ice Form                 Ice/Tmut       0%         N/A       100%        4
 Leda's Liquefaction      Hex/Erth       0%         N/A       100%        4
 Olgreb's Toxic Radiance  Pois           0%         N/A       100%        4
 Passage of Golubria      Tloc           0%         N/A       100%        4
 Lightning Bolt           Conj/Air       0%         1d11      100%        5
 Yara's Violent Unravell  Hex/Tmut       0%         3d3       100%        5
 Maxwell's Capacitive Co  Air            0%         ∞         100%        8
 Death's Door             Necr           0%         N/A       100%        9
 Call Canine Familiar     Summ           Unusable   N/A       N/A         3
 Tukima's Dance           Hex            Unusable   N/A       N/A         3
 Summon Ice Beast         Ice/Summ       Unusable   N/A       N/A         4
 Summon Cactus Giant      Summ           Unusable   N/A       N/A         6

Dungeon Overview and Level Annotations

Branches:
Dungeon (12/15)            Temple (1/1) D:5            Lair (6/6) D:8
  Swamp (0/4) Lair:4        Snake (0/4) Lair:4        Slime (0/5) Lair:5
    Orc (0/2) D:10        Volcano (visited)

Altars:
Ashenzari
Cheibriados
Dithmenos
Elyvilon
Fedhas
Gozag
Hepliaklqana
Makhleb
Nemelex Xobeh
Okawaru
Sif Muna
Trog
Uskayaw
Wu Jian
Xom
Yredelemnul
Jiyva

Shops:
D:1 ?

Annotations:
Lair:3 hydra, Nergalle


Innate Abilities, Weirdness & Mutations

You are too large for most types of armour.
You have claws for hands.
Your natural rate of healing is unusually fast.
You are covered in fur. (AC +1)
You have tough skin. (AC +1)


Message History

The seven-headed hydra grows two more!
You mangle the nine-headed hydra!!
The nine-headed hydra is almost dead.
The nine-headed hydra bites you!
The nine-headed hydra bites you but does no damage.
The nine-headed hydra bites you!
The nine-headed hydra bites you but does no damage.
The nine-headed hydra closely misses you.
The nine-headed hydra bites you!
* * * LOW HITPOINT WARNING * * *
The nine-headed hydra bites you.
* * * LOW HITPOINT WARNING * * *
The nine-headed hydra barely misses you. x2
You rip one of the nine-headed hydra's heads off!
The eight-headed hydra grows two more!
You mangle the ten-headed hydra!!
The ten-headed hydra is almost dead.
The ten-headed hydra misses you. The ten-headed hydra barely misses you.
The ten-headed hydra bites you but does no damage.
You block the ten-headed hydra's attack.
The ten-headed hydra bites you.
* * * LOW HITPOINT WARNING * * *
You block the ten-headed hydra's attack. x3
The ten-headed hydra bites you!
* * * LOW HITPOINT WARNING * * *
The ten-headed hydra barely misses you.
You barely miss the ten-headed hydra.
The ten-headed hydra is almost dead.
The ten-headed hydra bites you but does no damage.
You block the ten-headed hydra's attack.
The ten-headed hydra misses you. The ten-headed hydra bites you.
* * * LOW HITPOINT WARNING * * *
The ten-headed hydra bites you.
* * * LOW HITPOINT WARNING * * *
The ten-headed hydra bites you.
* * * LOW HITPOINT WARNING * * *
The ten-headed hydra bites you but does no damage.
You block the ten-headed hydra's attack.
The ten-headed hydra bites you.
* * * LOW HITPOINT WARNING * * *
The ten-headed hydra bites you!
You die...

.........#...####.P.....#
.........+...##......##.#
P........#....#......#..#
P........#...##......##.#
.............#####..##..#
#............P#.#...##.[#
.........P..............#
..#.#.#..#..............##
................@D.......#
........................##
........................#
#..####.............<...##
...##.#.+#...............#
#........#...#.######...##
.........##...##.####...#
#........#...P#.....#...#
#........##...#.....+...#


You could see a ten-headed hydra.

Vanquished Creatures
  A red draconian (Volcano)
  A boulder beetle (D:12)
  A centaur warrior (D:12)
  A catoblepas (Lair:2)
  An ogre mage (Volcano)
  7 two-headed ogres
  The ghost of Atlas the Thaumaturge, a novice DjEE (D:8)
  2 tengu warriors (D:8)
  The ghost of Atlas the Magician, a novice DjEE (D:7)
  A lindwurm (Lair:5)
  A harpy (shapeshifter) (D:12)
  A necromancer (D:10)
  A deep elf pyromancer (D:12)
  An ugly thing (D:11)
  9 black mambas
  6 elephants
  2 manticores (D:11)
  12 cane toads
  3 komodo dragons
  An unseen horror (D:10)
  3 trolls
  2 polar bears
  4 blink frogs
  3 shadows
  2 vampires (D:12)
  5 wyverns
  6 basilisks
  26 yaks
  Menkaure (D:7)
  A steam dragon (D:9)
  9 vampire mosquitoes
  13 water moccasins
  3 orc warriors
  5 black bears
  A sky beast (D:7)
  2 ogres
  3 ice beasts
  4 centaurs
  27 wolves
  A phantom (D:5)
  A kobold brigand (D:8)
  19 bullfrogs
  A wyvern zombie (D:8)
  2 scorpions
  9 killer bees
  An electric eel (Lair:4)
  5 wights (D:6)
  3 howler monkeys
  2 centaur zombies
  3 hounds
  A jelly (D:4)
  A bullfrog skeleton (D:6)
  2 gnoll shamans
  7 orc priests
  A centaur skeleton (D:6)
  2 iguanas (D:5)
  7 orc wizards
  4 polar bear simulacra (D:10)
  4 yak simulacra (D:10)
  2 wolf simulacra (D:10)
  A killer bee zombie (D:8)
  Robin (D:2)
  A howler monkey skeleton (D:7)
  2 howler monkey zombies (D:10)
  19 gnolls
  10 adders
  A shadow imp (D:4)
  A white imp (D:5)
  An ufetubus (D:6)
  4 worms
  2 dart slugs
  25 orcs
  9 endoplasms
  5 giant cockroaches
  13 hobgoblins
  7 jackals
  11 kobolds
  4 quokkas
  9 ball pythons
  7 bats
  6 frilled lizards
  21 goblins
  6 rats
  A river rat simulacrum (D:10)
419 creatures vanquished.

Vanquished Creatures (others)
  A howler monkey (D:12)
  A hobgoblin (D:2)
  17 fungi
  25 plants
44 creatures vanquished.

Grand Total: 463 creatures vanquished

Notes
Turn   | Place    | Note
-------+----------+-------------------------------------------
     0 | D:5      | hellse the Troll Delver began the quest for the Orb.
     0 | D:5      | Reached XP level 1. HP: 22/22 MP: 0/0
    19 | D:5      | Found a burning altar of Makhleb.
    46 | D:5      | Noticed a phantom
    47 | D:5      | Found a staircase to the Ecumenical Temple.
    57 | Temple   | Entered the Ecumenical Temple
    64 | Temple   | Became a worshipper of Warmaster Okawaru
   144 | D:4      | Reached XP level 2. HP: 29/29 MP: 1/1
   255 | D:4      | Reached skill level 3 in Unarmed Combat
   337 | D:4      | Reached XP level 3. HP: 35/36 MP: 2/2
   466 | D:4      | Noticed an ogre
   585 | D:4      | Reached skill level 4 in Unarmed Combat
   670 | D:3      | Found an ornate altar of the Wu Jian Council.
   789 | D:2      | Noticed Robin
   813 | D:1      | Reached XP level 4. HP: 36/44 MP: 3/3
  1645 | D:1      | Reached skill level 5 in Unarmed Combat
  1878 | D:1      | Found Jilab's Magic Scroll Shop.
  1887 | D:1      | Bought a scroll of teleportation for 36 gold pieces
  2038 | D:2      | Reached XP level 5. HP: 48/50 MP: 4/4
  2313 | D:2      | Killed Robin
  2404 | D:2      | Found a faded altar of an unknown god.
  2483 | D:2      | Reached skill level 6 in Unarmed Combat
  3086 | D:3      | Reached * piety under Okawaru
  3087 | D:3      | Reached XP level 6. HP: 48/59 MP: 5/5
  3315 | D:4      | Found a broken altar of Ashenzari.
  3423 | D:4      | Identified the +1 hunting sling of Revolt {vorpal, Will+
                  | Int+2}
  3883 | D:4      | Reached XP level 7. HP: 25/71 MP: 6/6
  4026 | D:5      | Found a white marble altar of Elyvilon.
  4077 | D:5      | Reached ** piety under Okawaru
  4078 | D:5      | Reached skill level 7 in Unarmed Combat
  4303 | D:5      | Reached skill level 8 in Unarmed Combat
  4485 | D:5      | Reached XP level 8. HP: 57/79 MP: 7/7
  4856 | D:6      | Reached skill level 9 in Unarmed Combat
  5040 | D:6      | Reached *** piety under Okawaru
  5041 | D:6      | Reached skill level 10 in Unarmed Combat
  5267 | D:6      | Reached XP level 9. HP: 66/85 MP: 8/8
  5606 | D:7      | Noticed a troll
  5614 | D:7      | Killed a troll
  5615 | D:7      | Reached skill level 5 in Fighting
  5650 | D:7      | Found a runed translucent door.
  5650 | D:7      | Noticed Atlas's ghost (novice DjEE)
  5828 | D:7      | Found a bloodstained altar of Trog.
  5967 | D:7      | Noticed Menkaure
  5970 | D:7      | Killed Menkaure
  5970 | D:7      | Reached **** piety under Okawaru
  6451 | D:1      | Bought a scroll of identify for 24 gold pieces
  6451 | D:1      | Bought a scroll of identify for 24 gold pieces
  6451 | D:1      | Bought a scroll of identify for 24 gold pieces
  6451 | D:1      | Bought a scroll of identify for 24 gold pieces
  6451 | D:1      | Bought a scroll of noise for 12 gold pieces
  6453 | D:1      | Identified a scroll of acquirement
  6462 | D:1      | Acquired the amulet of Judwust {Faith Will++ Str+2}
  6800 | D:8      | Reached skill level 1 in Invocations
  6855 | D:8      | Found a runed translucent gate.
  6855 | D:8      | Found a runed translucent gate.
  6855 | D:8      | Found a runed translucent gate.
  6855 | D:8      | Noticed Atlas's ghost (novice DjEE)
  6857 | D:8      | Found a basalt altar of Yredelemnul.
  7011 | D:8      | Found a staircase to the Lair.
  7605 | D:9      | Reached skill level 1 in Throwing
  7702 | D:9      | Reached ***** piety under Okawaru
  7736 | D:8      | Reached XP level 10. HP: 24/100 MP: 11/11
  7905 | D:9      | Noticed a tengu warrior
  7909 | D:9      | Noticed a tengu warrior
  8178 | Lair:1   | Entered Level 1 of the Lair of Beasts
  8269 | Lair:1   | Noticed a cane toad
  8281 | Lair:1   | Killed a cane toad
  8370 | Lair:1   | Noticed a cane toad
  8377 | Lair:1   | Killed a cane toad
  8378 | Lair:1   | Reached skill level 5 in Throwing
  8379 | Lair:1   | Noticed a cane toad
  8385 | Lair:1   | Killed a cane toad
  8603 | Lair:1   | Received a gift from Okawaru
  8628 | Lair:1   | Received a gift from Okawaru
  8661 | Lair:1   | Noticed a cane toad
  8670 | Lair:1   | Killed a cane toad
  9302 | Lair:2   | Reached skill level 11 in Unarmed Combat
  9330 | Lair:2   | Reached XP level 11. HP: 102/111 MP: 12/12
  9428 | Lair:2   | Identified the +1 robe "Kagrual" {rCorr Str+3} (Okawaru
                  | gifted it to you on level 2 of the Lair of Beasts)
  9428 | Lair:2   | Received a gift from Okawaru
  9769 | Lair:2   | Reached skill level 12 in Unarmed Combat
  9843 | Lair:2   | Got Ynnot's Papyrus of Bewitching Stolen Souls
 10088 | Lair:3   | Noticed a catoblepas
 10158 | Lair:2   | Killed a catoblepas
 10269 | Lair:3   | Reached skill level 13 in Unarmed Combat
 10459 | Lair:3   | Reached ****** piety under Okawaru
 10630 | Lair:2   | Identified the +5 fustibalus "Zoomoel" {venom, rElec rF+++
                  | rCorr Dex-3} (Okawaru gifted it to you on level 2 of the
                  | Lair of Beasts)
 10630 | Lair:2   | Received a gift from Okawaru
 10804 | Lair:3   | Reached skill level 10 in Fighting
 10982 | Lair:3   | Reached skill level 1 in Evocations
 11129 | Lair:3   | Reached XP level 12. HP: 126/126 MP: 13/13
 11665 | Lair:4   | Noticed a six-headed hydra
 12308 | Lair:4   | Found a staircase to the Swamp.
 12456 | Lair:4   | Noticed Nergalle
 12655 | Lair:4   | Received a gift from Okawaru
 12724 | Lair:4   | Found a staircase to the Snake Pit.
 12942 | Lair:4   | You fall into a shaft and drop 2 floors!
 12942 | Lair:6   | Entered Level 6 of the Lair of Beasts
 12948 | Lair:6   | Noticed a four-headed hydra
 12969 | Lair:5   | Reached skill level 1 in Armour
 13130 | Lair:5   | Found a dark tunnel.
 13146 | Volcano  | Entered a volcano
 13162 | Volcano  | Noticed an ogre mage
 13222 | Volcano  | Killed an ogre mage
 13226 | Volcano  | Found a burning altar of Makhleb.
 13228 | Volcano  | Noticed a red draconian
 13267 | Volcano  | Noticed a two-headed ogre
 13271 | Volcano  | Killed a two-headed ogre
 13272 | Volcano  | Noticed a two-headed ogre
 13273 | Volcano  | Noticed a two-headed ogre
 13282 | Volcano  | Killed a two-headed ogre
 13284 | Volcano  | Killed a two-headed ogre
 13284 | Volcano  | Received a gift from Okawaru
 13285 | Volcano  | Reached skill level 5 in Armour
 13315 | Volcano  | Noticed a two-headed ogre
 13319 | Volcano  | Killed a two-headed ogre
 13320 | Volcano  | Noticed a two-headed ogre
 13320 | Volcano  | Noticed a two-headed ogre
 13326 | Volcano  | Killed a two-headed ogre
 13331 | Volcano  | Killed a two-headed ogre
 13392 | Volcano  | Killed a red draconian
 13393 | Volcano  | Reached skill level 5 in Invocations
 13554 | Lair:5   | Found a staircase to the Slime Pits.
 13554 | Lair:5   | Found a viscous altar of Jiyva.
 13597 | Lair:5   | Noticed a seven-headed hydra
 13625 | Lair:5   | Identified the +3 whip "Qucairhi" {venom, rC+ rCorr}
 13741 | Lair:5   | Reached XP level 13. HP: 80/133 MP: 15/15
 13891 | Lair:4   | Found the +8 orange crystal plate armour {Archmagi, Int+3
                  | Clar}
 14067 | Lair:4   | Received a gift from Okawaru
 14075 | Lair:4   | Reached skill level 14 in Unarmed Combat
 14684 | D:8      | Killed Atlas's ghost
 14846 | D:7      | Killed Atlas's ghost
 15393 | D:10     | Entered Level 10 of the Dungeon
 15435 | D:10     | Found a staircase to the Orcish Mines.
 15617 | D:10     | Found a shimmering blue altar of Sif Muna.
 15717 | D:10     | Reached skill level 1 in Shields
 15780 | D:10     | Found a hide-covered altar of Uskayaw.
 15788 | D:10     | Found a sparkling altar of Nemelex Xobeh.
 16475 | D:11     | Identified the +5 broad axe of the Wolf {elec, *Noise rElec
                  | rC++ SInv} (Okawaru gifted it to you on level 11 of the
                  | Dungeon)
 16475 | D:11     | Received a gift from Okawaru
 17194 | D:12     | Reached skill level 5 in Shields
 17272 | D:12     | Received a gift from Okawaru
 17844 | Lair:2   | Slain by a ten-headed hydra

Illustrated notes

Levels and vault maps discovered:
D:1:      evilmike_arrival_hilbert_curve, layout_loops_corners, serial_shops,
          nicolae_lakefront_shop, nicolae_concentric_dashed_squares_mild,
          minmay_misc_feat_roman
D:2:      minmay_diamond_boxcup, layout_basic,
          shapermc_ecumenical_altar_notcrosses, minmay_joined_circles,
          uniq_robin
D:3:      layout_basic, nicolae_wu_jian_wuxing_cycle
D:4:      layout_basic, evilmike_ruin_ashenzari, minivault_23,
          minmay_strange_pillars
D:5:      layout_loops_cross, elyvilon_altar_4, nicolae_overflow_crystal_walls,
          minmay_temple_entry_slanted
D:6:      layout_loops_ring, chequers_serial_rivers_small_a,
          kennysheep_crisscross, eino_small_chamber_without_monster,
          grunt_decor_cap
D:7:      layout_loops_ring, kennysheep_mini, hellmonk_ghost_happy_afterlife,
          uniq_menkaure
D:8:      layout_gridville, nicolae_yredelemnul_ghost_church, lair_entry_dummy
D:9:      layout_cave_pools
D:10:     layout_roguey, kennysheep_little_box, mainiacjoe_overflow_big_doors,
          orc_0_dummy, eino_house_with_fridge
D:11:     layout_gridville
D:12:     minmay_the_grid_triangle_9x9_recursive_2
          [minmay_the_grid_triangle_9x9_prize_insulated,
          minmay_the_grid_triangle_9x9_empty,
          minmay_the_grid_triangle_9x9_shrine,
          minmay_the_grid_triangle_9x9_skeleton], layout_rooms,
          gammafunk_ghost_fury_of_okawaru, uniq_gastronok, uniq_josephine,
          uniq_sonja
Temple:   cyrus_circular_temple
Lair:1:   layout_small_grid, chequers_serial_rivers_micro_a, grunt_megastairs_3
Lair:2:   layout_regular_city, beast_lair_carwin_4, grunt_megastairs_2,
          lemuel_fruit_tree
Lair:3:   layout_hall_layers, chequers_serial_rivers_marsh,
          infiniplex_staircase_pool
Lair:4:   layout_loops_ring, swamp_mist_pool, minmay_snake_entry_six_corridors,
          amcnicky_mini_pool_medium, uniq_nergalle
Lair:5:   layout_hall_layers, slime_altar_1, nicolae_volcano_entry_hallway,
          kennysheep_basilisk_garden
Lair:6:   wormcave, layout_regular_city

Skill      XL: |  1  2  3  4  5  6  7  8  9 10 11 12 13 |
---------------+----------------------------------------+-----
Unarmed Combat | 3 4 5 6 8 10 11 13 14 | 14.5
Fighting       | 4 6 8 10 | 10.0
Dodging        | 3 |  3.6
Invocations    | 2 5 |  5.2
Throwing       | 3 6 8 |  8.6
Evocations     | 2 |  2.5
Armour         | 5 |  5.2
Shields        | 6 |  6.0
Stealth        | |  2.7

Action                   |  1- 3 |  4- 6 |  7- 9 | 10-12 | 13-15 || total
-------------------------+-------+-------+-------+-------+-------++-------
Melee: Unarmed           |    73 |   260 |   253 |   380 |   293 ||  1259
       Punch             |       |    10 |    15 |    30 |     7 ||    62
Throw: Boomerang         |       |     4 |     3 |    66 |       ||    73
       Javelin           |       |       |       |    14 |     5 ||    19
       Stone             |       |       |       |    81 |    19 ||   100
Invok: Heroism           |       |       |       |     7 |     1 ||     8
Evoke: Wand              |       |       |     4 |    10 |       ||    14
  Use: Scroll            |     1 |       |    11 |     4 |     3 ||    19
       Potion            |       |       |       |     1 |     4 ||     5
 Stab: Sleeping          |     2 |    13 |     7 |       |     1 ||    23
       Distracted        |     1 |     1 |       |     1 |       ||     3
       Paralysed         |       |       |     5 |       |       ||     5
Armor: Robe              |    21 |    48 |       |    58 |    55 ||   182
       Animal skin       |       |    15 |    48 |    19 |       ||    82
       Troll leather arm |       |       |       |       |    59 ||    59
Dodge: Dodged            |    40 |   133 |   110 |   209 |   163 ||   655
Block: Kite shield       |       |       |       |       |   121 ||   121

Table legend: (Time is in decaauts)
 A = Elapsed time spent in this place.
 B = Non-inter-level travel time spent in this place.
 C = Inter-level travel time spent in this place.
 D = Time resting spent in this place.
 E = Time spent auto-exploring this place.
 F = Levels seen in this place.
 G = Mean time per level.
                   A        B        C        D        E       F      G
               +--------+--------+--------+--------+--------+-----+--------+
         Total |  17660 |  15963 |   1697 |   1908 |  10022 |  20 |  883.0 |
       Dungeon |  11240 |  10007 |   1233 |    696 |   7060 |  12 |  936.7 |
        Temple |     14 |     14 |      0 |      0 |      0 |   1 |   14.0 |
          Lair |   6038 |   5574 |    464 |   1150 |   2857 |   6 | 1006.3 |
       Volcano |    366 |    366 |      0 |     62 |    105 |   1 |  366.0 |
               +--------+--------+--------+--------+--------+-----+--------+

Top non-repeatable levels by time:
  Lair:3: 1803 daAuts
  Lair:2: 1432 daAuts
     D:8: 1366 daAuts
     D:4: 1363 daAuts
     D:1: 1274 daAuts
  Lair:4: 1196 daAuts
  Lair:1: 1165 daAuts
     D:7: 1000 daAuts
    D:10: 955 daAuts
     D:6: 936 daAuts
    D:11: 903 daAuts
     D:5: 875 daAuts
     D:9: 803 daAuts
     D:2: 772 daAuts
     D:3: 759 daAuts
